Unix xNetHack Version 7.1.0 - last build May 27 2022 02:01:18 (40ddc3af3caeb211f83a4e7a6471a44cedb5a298). Game began 2022-06-02 06:25:02, ended 2022-06-02 08:40:46. Concrete, chaotic female orcish Rogue -- -.- ...-- ....- ....- .... -... --- |.... -.. -.... -!. .... -----..---- -..-- ..|......| |..%--#-- -.........----- ..- - --)|h.------................- | ------- ---.@....................- -...............................| ----------------.....%<..>..--- |............| |...|........# --.---.|.--.-- --- ----- -- Concrete the Cutpurse St:17 Dx:18 Co:15 In:11 Wi:8 Ch:8 Chaotic S:1058 Dlvl:4 $:270 HP:0(33) Pw:8(8) AC:7 Xp:4/146 T:1356 Hungry Latest messages: r - an uncursed potion of speed {20}. n - an uncursed potion of booze {20}. s - an uncursed potion of see invisible {20}. What do you want to read? [hjo or ?*] j As you read the scroll, it disappears. i - an uncursed ring of poison resistance {3}. u - an uncursed touchstone {10}. y - an uncursed +0 dwarvish cloak {10}. x - an uncursed +0 pair of dwarvish boots {50}. The gnome picks up a white gem. You kill the gnome! You are now wearing a dwarvish cloak. You gore the rothe! The rothe hits! The rothe bites! The rothe bites! You kill the rothe! You hear crashing rock. Are you waiting to get hit? Use 'm' prefix to force a no-op (to rest). What do you want to drink? [dnq-sv or ?*] Never mind. What do you want to drink? [dnq-sv or ?*] q You feel much better. The rothe hits! The rothe bites! The rothe misses! You kill the rothe! z - an orange gem {1}. A - a white gem {1}. B - a potion of booze {20}. You stab the dwarf. The dwarf swings his silver pick-axe. The dwarf smacks you! What do you want to throw? [$b or ?*] Never mind. You impale the dwarf. The dwarf swings his silver pick-axe. The dwarf hits you! You miss the dwarf. You pierce the dwarf. You are beginning to feel hungry. You miss the dwarf. The dwarf swings his silver pick-axe. The dwarf bashes you! You die... Do you want your possessions identified? [ynq] (y) y Do you want to see your attributes? [ynq] (y) n Do you want an account of creatures vanquished? [ynaq] (y) n Do you want to see your conduct and achievements? [ynq] (y) n Do you want to see the dungeon overview? [ynq] (y) n Major events: Turn 1: Concrete the chaotic female orcish Rogue entered the dungeon 637: found Grimtooth in a shop 750: attained the rank of Cutpurse (level 3) 1246: entered the Gnomish Mines 1356: killed by a dwarf Inventory: Inventory: 485/850 weight (23/52 slots) Coins $ - 270 gold pieces {3} Weapons b - 9 +0 orcish daggers (alternate weapons; not wielded) {90} a - a +0 orcish short sword (weapon in hand) {30} Armor x - an uncursed +0 pair of dwarvish boots {50} y - an uncursed +0 dwarvish cloak (being worn) {8} c - an uncursed +1 leather light armor (being worn) {113} Comestibles l - an uncursed clove of garlic {1} p - an uncursed eucalyptus leaf {1} w - an uncursed food ration {20} Scrolls o - an uncursed scroll of food detection {5} h - an uncursed scroll of light {5} Potions n - an uncursed potion of booze {20} B - a cursed potion of booze {20} s - an uncursed potion of see invisible {20} d - an uncursed potion of sickness {20} v - a cursed potion of sleeping {20} r - an uncursed potion of speed {20} Rings i - an uncursed ring of poison resistance {3} Tools f - an empty uncursed sack {15} e - an uncursed lock pick {4} m - an uncursed towel {5} Gems/Stones z - an uncursed worthless piece of orange glass {1} A - an uncursed worthless piece of white glass {1} u - an uncursed touchstone {10} Concrete the Rogue's attributes: Background: You were a Cutpurse, a level 4 female orcish Rogue. You were chaotic, nominally on a mission for Kos who was opposed by Issek (lawful) and Mog (neutral). You were heterosexual. You were in the Gnomish Mines, on level 4. You entered the dungeon 1356 turns ago. You had 146 experience points, 14 more were needed to attain level 5. Your score was 1058 before end-of-game adjustments. Basics: You had 0 out of 33 hit points. You had all 8 energy points (spell power). Your armor class was 7. Your wallet contained 270 zorkmids. Autopickup was off. Final Characteristics: Your strength was 17 (limit:18/50). Your dexterity was 18 (limit:18). Your constitution was 15 (limit:18). Your intelligence was 11 (limit:16). Your wisdom was 8 (limit:16). Your charisma was 8 (limit:16). Final Status: You were hungry. You were unencumbered. You were wielding a short sword. You had basic skill with short sword. Final Attributes: You were devoutly aligned. You were poison resistant. You had infravision. You were stealthy. You were warded. You are dead. Miscellaneous: You never encountered a bones level. Total elapsed playing time was 15 minutes and 17 seconds. Vanquished creatures: a small mimic a gnome leader a floating eye a dwarf a kobold leader 2 rothes a hobbit 7 gnomes 2 geckos 2 jackals 2 foxes 2 lichens a kobold zombie 3 newts 27 creatures vanquished. No species were genocided or became extinct. Voluntary challenges: You were an atheist. You read items or engraved 2 times. You never genocided any monsters. You never polymorphed an object. You never changed form. You never touched an artifact. You used no wishes. You never owned a pet. You never scared an enemy with impunity. You were celibate. You never generated conflict. Achievements: You entered a shop. You attained the rank of Cutpurse. You entered the Gnomish Mines. The Dungeons of Doom: levels 1 to 4 Level 1: A tree. Level 2: A weapon shop. Level 3: Many fountains, a tree. Stairs down to The Gnomish Mines. Level 4: The Gnomish Mines: Level 4: <- You were here. Final resting place for you, killed by a dwarf. Game over: __________ / \ / REST \ / IN \ / PEACE \ / \ | Concrete | | 270 Au | | killed by a | | dwarf | | | | | | 2022 | *| * * * | * _________)/\\_//(\/(/\)/\//\/|_)_______ Goodbye Concrete the Rogue... You died in The Gnomish Mines on dungeon level 4 with 1031 points, and 270 pieces of gold, after 1356 moves. You were level 4 with a maximum of 33 hit points when you died.